1994 views
Uploaded 2023-10-10 12:11:35
Game version 1.36 (6115)
20:50 long 1on1 ladder game on (2)EchoIsles_S2_v2.2
Saved by Sonnenschein
1994 views
Uploaded 2023-10-10 12:11:35
Game version 1.36 (6115)
20:50 long 1on1 ladder game on (2)EchoIsles_S2_v2.2

37 units @ 5.4k
/ 0.8k
19 buildings @ 2.1k
/ 0.9k


| Scroll of Regeneration | 6 | 600 |
| Lesser Clarity Potion | 8 | 560 |
| Potion of Healing | 4 | 600 |
| Scroll of Town Portal | 2 | 700 |
| Scroll of Healing | 1 | 250 |
| Potion of Lesser Invulnerability | 1 | 150 |
| total: | 22 | 2860g |
| Peasant | 14 | 1050 | / | 0 |
| Rifleman | 13 | 2665 | / | 390 |
| Priest | 5 | 675 | / | 50 |
| Mortar Team | 3 | 540 | / | 210 |
| Knight | 2 | 490 | / | 120 |
| total: | 37 | 5420g | / | 770w |
| Scout Tower | 3 | 90 | / | 60 |
| Arcane Tower | 1 | 70 | / | 50 |
| Guard Tower | 1 | 70 | / | 50 |
| Farm | 8 | 640 | / | 160 |
| Blacksmith | 1 | 140 | / | 60 |
| Barracks | 1 | 160 | / | 60 |
| Altar of Kings | 1 | 180 | / | 50 |
| Arcane Vault | 1 | 130 | / | 30 |
| Town Hall | 1 | 385 | / | 205 |
| Lumber Mill | 1 | 120 | / | 0 |
| Cannon Tower | 1 | 120 | / | 100 |
| Arcane Sanctum | 1 | 150 | / | 140 |
| Workshop | 1 | 140 | / | 140 |
| Keep | 1 | 320 | / | 210 |
| Castle | 1 | 360 | / | 210 |
| total: | 19 | 2135g | / | 905w |
| 0:01 | Peasant |
| 0:11 | Farm |
| 0:16 | Peasant |
| 0:20 | Blacksmith |
| 0:30 | Peasant |
| 0:45 | Peasant |
| 0:50 | Barracks |
| 0:55 | Peasant |
| 1:05 | Altar of Kings |
| 1:10 | Peasant |
| 1:25 | Farm |
| 1:32 | Peasant |
| 1:45 | Peasant |
| 1:52 | Rifleman |
| 1:57 | Farm |
| 2:16 | Rifleman |
| 2:26 | Peasant |
| 2:43 | Rifleman |
| 3:07 | Holy Light |
| 3:15 | Rifleman |
| 3:52 | Arcane Vault |
| 3:55 | Keep |
| 4:01 | Farm |
| 4:29 | Devotion Aura |
| 5:11 | Rifleman |
| 5:14 | Farm |
| 5:18 | Black Gunpowder |
| 5:49 | Holy Light |
| 5:57 | Rifleman |
| 6:18 | Long Rifles |
| 6:21 | Farm |
| 6:23 | Arcane Sanctum |
| 6:25 | Scroll of Regeneration |
| 6:25 | Lesser Clarity Potion |
| 7:20 | Storm Bolt |
| 7:30 | Potion of Healing |
| 7:39 | Refined Gunpowder |
| 8:10 | Bash |
| 8:16 | Priest Adept Training |
| 8:17 | Priest |
| 8:17 | Priest |
| 8:19 | Workshop |
| 8:20 | Rifleman |
| 8:24 | Scroll of Regeneration |
| 8:29 | Lesser Clarity Potion |
| 8:33 | Lesser Clarity Potion |
| 8:47 | Farm |
| 8:51 | Rifleman |
| 9:18 | Devotion Aura |
| 9:29 | Town Hall |
| 9:31 | Scout Tower |
| 9:49 | Peasant |
| 9:49 | Peasant |
| 10:07 | Arcane Tower |
| 10:09 | Scout Tower |
| 10:54 | Lumber Mill |
| 11:14 | Cannon Tower |
| 11:16 | Scout Tower |
| 11:18 | Mortar Team |
| 11:19 | Rifleman |
| 11:35 | Farm |
| 12:46 | Mortar Team |
| 12:51 | Lesser Clarity Potion |
| 12:54 | Priest |
| 12:56 | Potion of Healing |
| 12:57 | Potion of Healing |
| 12:59 | Scroll of Regeneration |
| 13:01 | Castle |
| 13:10 | Guard Tower |
| 13:11 | Peasant |
| 13:11 | Peasant |
| 13:18 | Scroll of Town Portal |
| 13:45 | Potion of Healing |
| 14:15 | Thunder Clap |
| 14:47 | Rifleman |
| 14:48 | Rifleman |
| 15:15 | Rifleman |
| 15:20 | Scroll of Healing |
| 15:21 | Potion of Lesser Invulnerability |
| 15:27 | Scroll of Town Portal |
| 15:38 | Scroll of Regeneration |
| 15:43 | Lesser Clarity Potion |
| 15:46 | Lesser Clarity Potion |
| 16:18 | Rifleman |
| 17:03 | Peasant |
| 17:06 | Knight |
| 17:08 | Priest |
| 17:10 | Mortar Team |
| 17:13 | Scroll of Regeneration |
| 17:29 | Lesser Clarity Potion |
| 17:30 | Scroll of Regeneration |
| 17:39 | Storm Bolt |
| 17:45 | Fragmentation Shards |
| 17:47 | Priest Master Training |
| 17:52 | Lesser Clarity Potion |
| 18:19 | Animal War Training |
| 19:06 | Knight |
| 19:38 | Priest |
| Right click | 1348 |
| Select group | 1034 |
| Select | 707 |
| Misc. action | 234 |
| Build/train/purchase | 113 |
| Use ability | 53 |
| Assign group | 43 |
| Chat | 11 |
| Esc | 6 |
| Item give/drop | 2 |
26 units @ 4.6k
/ 0.8k
12 buildings @ 2k
/ 0.5k


| Rod of Necromancy | 2 | 300 |
| Potion of Mana | 2 | 400 |
| Orb of Corruption | 1 | 375 |
| Scroll of Healing | 3 | 750 |
| Scroll of Town Portal | 1 | 350 |
| Potion of Lesser Invulnerability | 2 | 300 |
| Scroll of Protection | 1 | 150 |
| Potion of Greater Mana | 1 | 400 |
| Scroll of the Beast | 1 | 400 |
| total: | 14 | 3425g |
| Acolyte | 4 | 300 | / | 0 |
| Ghoul | 4 | 480 | / | 0 |
| Crypt Fiend | 12 | 2580 | / | 480 |
| Obsidian Statue | 4 | 800 | / | 140 |
| Abomination | 2 | 480 | / | 140 |
| total: | 26 | 4640g | / | 760w |
| Nerubian Tower | 1 | 100 | / | 20 |
| Crypt | 1 | 200 | / | 50 |
| Altar of Darkness | 1 | 180 | / | 50 |
| Ziggurat | 5 | 750 | / | 250 |
| Tomb of Relics | 2 | 260 | / | 60 |
| Graveyard | 1 | 215 | / | 0 |
| Necropolis | 1 | 225 | / | 0 |
| Slaughterhouse | 1 | 140 | / | 135 |
| Halls of the Dead | 1 | 320 | / | 210 |
| Black Citadel | 1 | 325 | / | 230 |
| total: | 12 | 1970g | / | 545w |
| 0:00 | Acolyte |
| 0:03 | Acolyte |
| 0:08 | Crypt |
| 0:11 | Altar of Darkness |
| 0:22 | Ziggurat |
| 0:31 | Acolyte |
| 0:49 | Tomb of Relics |
| 1:09 | Ghoul |
| 1:17 | Ghoul |
| 1:36 | Graveyard |
| 1:48 | Ghoul |
| 2:04 | Ziggurat |
| 2:10 | Rod of Necromancy |
| 2:12 | Ghoul |
| 2:16 | Death Coil |
| 2:43 | Halls of the Dead |
| 3:03 | Crypt Fiend |
| 3:46 | Unholy Aura |
| 3:50 | Crypt Fiend |
| 3:51 | Creature Attack |
| 3:54 | Ziggurat |
| 4:39 | Crypt Fiend |
| 5:14 | Slaughterhouse |
| 5:39 | Black Citadel |
| 5:48 | Nerubian Tower |
| 5:57 | Death Coil |
| 6:00 | Rod of Necromancy |
| 6:10 | Frost Nova |
| 6:25 | Obsidian Statue |
| 6:33 | Crypt Fiend |
| 7:39 | Crypt Fiend |
| 8:13 | Crypt Fiend |
| 8:21 | Obsidian Statue |
| 8:46 | Abomination |
| 8:52 | Frost Armor |
| 8:56 | Creature Carapace |
| 9:00 | Destroyer Form |
| 9:00 | Ziggurat |
| 9:13 | Ziggurat |
| 10:19 | Scroll of Healing |
| 10:19 | Scroll of Town Portal |
| 10:22 | Scroll of Healing |
| 10:23 | Potion of Lesser Invulnerability |
| 10:49 | Crypt Fiend |
| 11:06 | Abomination |
| 11:12 | Acolyte |
| 11:37 | Crypt Fiend |
| 11:52 | Unholy Aura |
| 12:00 | Frost Nova |
| 12:59 | Potion of Lesser Invulnerability |
| 12:59 | Scroll of Healing |
| 13:01 | Scroll of Protection |
| 13:14 | Improved Creature Attack |
| 14:44 | Frost Armor |
| 15:07 | Crypt Fiend |
| 15:16 | Tomb of Relics |
| 15:37 | Potion of Greater Mana |
| 17:04 | Necropolis |
| 17:05 | Crypt Fiend |
| 17:06 | Obsidian Statue |
| 17:31 | Crypt Fiend |
| 17:31 | Obsidian Statue |
| 17:39 | Improved Creature Carapace |
| 17:57 | Crypt Fiend |
| 18:22 | Potion of Mana |
| 18:24 | Potion of Mana |
| 18:47 | Orb of Corruption |
| 19:20 | Scroll of the Beast |
| 20:45 | Unholy Aura |
| Right click | 2012 |
| Select | 573 |
| Select group | 166 |
| Build/train/purchase | 106 |
| Use ability | 74 |
| Chat | 70 |
| Assign group | 45 |
| Misc. action | 12 |
| Item give/drop | 5 |
| Remove unit | 3 |